Map: Lerilak Crest

Players

PiG - Winner!

  • Race: Zerg Zerg
  • League: Grandmaster

Azure

  • Race: Terran Terran
  • League: Grandmaster

Event: 2016 WCS Winter Challenger Oceania SEA

VOD

Have the link to the VOD?

Description

Time

  • Played on: Feb. 12, 2016, 7:16 p.m.
  • Length: 5:50

All games in this series

Show
View Real Time Build Order
Export as new Build Order

PiG Zerg - Winner!

Build Orders: Hatch First, Ravager All-In 

Get SALT Encoding   

  12  0:00  Drone  
  13  0:13  Overlord  
  13  0:19  Drone  
  14  0:31  Drone x2  
  14  0:35  Drone  
  17  0:52  Hatchery  
  17  0:55  Drone  
  17  0:58  Drone  
  18  1:12  Spawning Pool  
  18  1:14  Extractor  
  18  1:16  Drone  
  17  1:19  Drone  
  18  1:28  Drone  
  19  1:39  Overlord  
  19  1:51  Drone  
  20  1:58  Queen  
  20  2:00  Zergling x2  
  23  2:04  Queen  
  23  2:05  Zergling x2  
  26  2:11  Drone  
  26  2:15  Metabolic Boost  
  27  2:17  Drone  
  28  2:23  Drone  
  29  2:32  Drone  
  29  2:36  Queen  
  32  2:43  Drone x2  
  34  2:44  Drone  
  34  2:48  Overlord  
  35  2:57  Drone  
  35  3:09  Drone x2  
  35  3:12  Drone x3  
  40  3:15  Drone x3  
  40  3:16  Drone, Roach Warren  
  43  3:30  Hatchery  
  43  3:31  Extractor  
  43  3:32  Drone, Extractor  
  41  3:35  Overlord, Drone  
  42  3:46  Drone  
  42  3:47  Overlord x2  
  45  3:55  Drone x2  
  45  3:56  Overlord x2  
  44  4:08  Roach x3  
  50  4:17  Roach x5  
  56  4:18  Zergling x2  
  56  4:22  Zergling x4  
  56  4:24  Zergling x2  
  64  4:26  Zergling x2  
  65  4:33  Zergling x2  
  66  4:41  Zergling x2  
  67  4:50  Zergling x6  
  70  4:54  Ravager x2  
  70  4:55  Ravager x3  
  75  5:02  Ravager  
  75  5:04  Zergling x12  
  79  5:17  Zergling x6  
  79  5:20  Overlord x2  
  81  5:23  Overlord  
Show
View Real Time Build Order
Export as new Build Order

Azure Terran 

Build Orders: Reaper Expand 

Get SALT Encoding   

  12  0:00  SCV  
  13  0:13  SCV  
  14  0:17  Supply Depot  
  14  0:25  SCV  
  15  0:38  SCV  
  15  0:39  Barracks  
  16  0:43  Refinery  
  16  0:50  SCV  
  17  1:03  SCV  
  18  1:15  SCV  
  19  1:27  Reaper, Orbital Command  
  20  1:42  Command Center  
  20  1:52  Supply Depot  
  20  1:53  SCV  
  21  1:59  Marine  
  22  2:06  SCV  
  23  2:12  Factory  
  23  2:20  Refinery, SCV  
  24  2:22  Barracks Reactor  
  24  2:32  SCV  
  25  2:44  SCV  
  25  2:49  Bunker  
  26  2:54  Orbital Command  
  26  2:56  SCV  
  26  2:57  Factory Tech Lab, Starport  
  27  3:00  Marine  
  27  3:01  Marine  
  29  3:08  SCV  
  30  3:19  Siege Tank  
  33  3:21  SCV x2  
  33  3:26  Marine x2  
  36  3:33  SCV  
  37  3:34  Supply Depot  
  37  3:35  SCV  
  37  3:38  Medivac  
  40  3:44  Marine x2  
  40  3:45  SCV  
  40  3:47  SCV  
  44  3:56  Supply Depot  
  44  3:57  SCV  
  44  3:59  SCV  
  46  4:09  SCV  
  47  4:11  SCV  
  47  4:13  Viking  
  50  4:20  Marine  
  50  4:21  SCV  
  52  4:26  Command Center  
  52  4:27  SCV  
  52  4:30  Factory Reactor  
  53  4:33  Liberator, SCV  
  53  4:38  Barracks  
  54  4:39  Barracks, SCV  
  54  4:42  Marine  
  57  4:45  SCV  
  57  4:51  SCV  
  61  4:57  SCV  
  61  4:59  Refinery x2  
  62  5:01  Supply Depot  
  62  5:13  SCV x2  
  62  5:17  Marine  
  61  5:23  Supply Depot, Engineering Bay  
  61  5:24  Engineering Bay  
  61  5:25  Factory Reactor, SCV x2  
  64  5:37  SCV  
Tags
 
Add a new tag
Caveats
  • Supply blocks, unpowered buildings, or Contaminate may cause inaccurate times.
  • Supply counts are checked every 10 seconds.